Map: Ulrena

Players

pupu

  • Race: Protoss Protoss
  • League: Silver

CornFlux - Winner!

  • Race: Zerg Zerg

VOD

Have the link to the VOD?

Description

Time

  • Played on: April 4, 2016, 1:08 p.m.
  • Length: 8:54
Show
View Real Time Build Order
Export as new Build Order

pupu Protoss 

Build Orders: Oracle Opening 

Get SALT Encoding   

  12  0:01  Probe (Chrono Boost)  
  13  0:11  Probe (Chrono Boost)  
  14  0:21  Pylon  
  14  0:22  Probe (Chrono Boost)  
  15  0:39  Probe (Chrono Boost)  
  15  0:41  Gateway  
  16  0:49  Probe (Chrono Boost)  
  17  0:51  Assimilator  
  17  1:00  Forge  
  17  1:02  Probe (Chrono Boost)  
  18  1:12  Probe (Chrono Boost)  
  18  1:13  Assimilator  
  19  1:23  Probe (Chrono Boost)  
  20  1:31  Cybernetics Core  
  20  1:36  Photon Cannon  
  20  1:38  Probe (Chrono Boost)  
  21  1:49  Pylon  
  21  1:53  Zealot  
  23  2:07  Probe (Chrono Boost)  
  24  2:17  Stargate  
  24  2:18  Probe (Chrono Boost)  
  24  2:21  Adept  
  27  2:30  Probe (Chrono Boost)  
  28  2:37  Pylon  
  28  2:47  Gateway  
  28  2:48  Probe (Chrono Boost)  
  29  3:00  Oracle  
  32  3:40  Probe (Chrono Boost)  
  33  3:44  Oracle  
  36  3:55  Probe (Chrono Boost)  
  37  4:06  Probe (Chrono Boost)  
  38  4:18  Probe (Chrono Boost)  
  39  4:36  Probe (Chrono Boost)  
  38  4:55  Void Ray  
  39  5:05  Warp Gate (Chrono Boost)  
  37  5:38  Pylon  
  37  5:56  Stalker  
  39  6:22  Stalker  
  39  6:24  Mothership Core (Chrono Boost)  
  20  6:45  Void Ray  
  24  6:56  Pylon  
  24  7:07  Pylon  
  24  7:20  Nexus  
  24  7:22  Pylon  
  24  7:23  Pylon  
  24  7:26  Pylon  
  24  7:27  Pylon  
  24  7:34  Pylon  
  24  7:36  Probe  
  25  7:37  Pylon  
  25  7:39  Pylon  
  25  7:48  Probe  
  25  7:49  Stalker x2  
  30  7:55  Void Ray  
  34  8:00  Probe  
Show
View Real Time Build Order
Export as new Build Order

CornFlux Zerg - Winner!

Build Orders: Hatch First 

Get SALT Encoding   

  12  0:04  Drone  
  13  0:13  Drone  
  14  0:17  Overlord  
  14  0:35  Drone  
  15  0:36  Drone x2  
  17  0:47  Drone  
  18  0:58  Hatchery  
  17  1:08  Drone  
  17  1:09  Drone  
  19  1:20  Spawning Pool  
  19  1:21  Extractor  
  19  1:25  Drone  
  18  1:30  Drone  
  19  1:47  Drone  
  20  1:54  Drone  
  21  2:03  Drone  
  22  2:15  Drone  
  23  2:16  Drone  
  23  2:18  Queen  
  23  2:19  Queen  
  28  2:28  Metabolic Boost  
  28  2:34  Overlord  
  28  2:35  Overlord  
  28  2:40  Extractor  
  28  2:41  Drone  
  28  2:42  Extractor  
  28  2:43  Drone  
  28  2:53  Roach Warren  
  28  2:55  Drone x2  
  28  2:56  Drone  
  28  2:58  Zergling x2  
  31  3:10  Drone x2  
  33  3:24  Zergling x4  
  34  3:50  Roach x4  
  34  3:51  Roach  
  35  4:19  Spore Crawler  
  35  4:20  Spore Crawler  
  34  4:24  Drone x3  
  34  4:25  Drone x4  
  39  4:40  Roach  
  41  5:07  Drone x4  
  41  5:10  Lair  
  41  5:11  Overlord  
  40  5:33  Ravager x4  
  44  5:35  Zergling x2  
  44  5:36  Zergling x8  
  44  5:37  Roach  
  51  5:45  Drone  
  51  5:47  Overlord  
  43  6:20  Ravager  
  39  6:34  Roach x4  
  39  6:35  Roach x6  
  39  6:36  Roach  
  58  6:48  Extractor  
  58  6:51  Drone  
  58  6:52  Hydralisk Den, Drone x2  
  59  6:58  Ravager  
  59  6:59  Overlord  
  60  7:15  Overlord x3  
  60  7:20  Ravager x3  
  60  7:21  Ravager  
  64  7:29  Drone x3  
  67  7:44  Evolution Chamber  
  67  7:46  Drone x2  
  67  7:48  Evolution Chamber  
  60  8:21  Hydralisk x6  
  60  8:22  Hydralisk  
Tags
 
Add a new tag
Caveats
  • Supply blocks, unpowered buildings, or Contaminate may cause inaccurate times.
  • Supply counts are checked every 10 seconds.